 Dungeon Crawl Stone Soup version 0.24.1-4-ge52af88ad5 (webtiles) character file.

Game seed: 315535612979872785, levelgen mode: deterministic

100 Frank2 the Cudgeler (level 4, -5/34 HPs)
             Began as a Demonspawn Gladiator on Apr 12, 2020.
             Slain by an ogre
             ... wielding a +0 giant spiked club
              (19 damage)
             ... on level 3 of the Dungeon.
             The game lasted 00:03:11 (1725 turns).

Frank2 the Cudgeler (Demonspawn Gladiator)          Turns: 1725, Time: 00:03:12

Health: -5/34      AC:  7    Str: 14    XL:     4   Next: 46%
Magic:  4/4        EV: 12    Int:  9    God:
Gold:   117        SH:  0    Dex: 16    Spells: 3/3 levels left

rFire    . . .     SeeInvis .   a - +1 flail
rCold    . . .     Gourm    .   (no shield)
rNeg     . . .     Faith    .   j - +0 ring mail (curse)
rPois    .         Spirit   .   c - +1 helmet
rElec    .         Reflect  .   (no cloak)
rCorr    .         Harm     .   (no gloves)
MR       .....                  (no boots)
Stlth    +.........             (no amulet)
HPRegen  0.11/turn              (no ring)
MPRegen  0.09/turn              (no ring)

@: no status effects
A: talons 1, demonic guardian 1
a: no special abilities


You were on level 3 of the Dungeon.
You were hungry.

You visited 1 branch of the dungeon, and saw 3 of its levels.

You collected 117 gold pieces.

Inventory:

Hand Weapons
 a - a +1 flail (weapon)
Armour
 c - a +1 helmet (worn)
 j - a cursed +0 ring mail (worn)
Jewellery
 g - an uncursed ring of ice
Scrolls
 b - a scroll of enchant armour
 e - a scroll of teleportation
 h - 3 scrolls of blinking
 k - a scroll of identify
Potions
 i - a potion of flight {unknown}
 l - a potion of degeneration {unknown}
 m - a potion of haste {unknown}
 n - a potion of curing
Comestibles
 f - 7 rations


   Skills:
 + Level 2.4 Fighting
 + Level 3.8 Maces & Flails
 - Level 1.7 Throwing
 + Level 1.2 Armour
 + Level 3.3 Dodging


You had 3 spell levels left.
You didn't know any spells.
Your spell library was empty.

Dungeon Overview and Level Annotations

Branches:
Dungeon (3/15)

Altars:


Innate Abilities, Weirdness & Mutations

You have sharp toenails.
A weak demonic guardian rushes to your aid.


Message History

The adder bites you.
You barely miss the adder. You claw the adder.
The adder is heavily wounded.
The adder bites you but does no damage. The adder misses you.
You hit the adder.
You kill the adder!
You climb downwards.
The ogre hits you with a +0 giant spiked club!!
Ouch! That really hurt!
There is a stone staircase leading up, spattered with blood here.
Things that are here:
a +1 hat; a +0 leather armour Throwing (i - inventory)
d - a throwing net (quivered)
Press: ? - help, Shift-Dir - straight line, f - ogre
Aim: an ogre, wielding a +0 giant spiked club (lightly wounded)
You throw a throwing net.
The throwing net completely misses the ogre.
The ogre hits you with a +0 giant spiked club!!
Ouch! That really hurt!
You die...

...........#.......##
.....#.....#.......#
##....##....##.......####
#..#..#####..##.........#
#.#.............#......#
##...##.>........#......#
........................#
.......#..)......#......#
......#.#.......@.......#
...S.#._.#......5O......#
...S..#.#........########
.5.....#...........#
S..................##
....................#
.......########.###.##
......## ##.# #..####
#.....# #..# #.....#


You could see an ogre and a friendly quasit.

Vanquished Creatures
  Terence (D:1)
  3 adders (D:2)
  2 worms (D:2)
  An orc (D:2)
  4 giant cockroaches
  7 goblins
  5 hobgoblins
  A quokka (D:2)
  4 bats
  4 frilled lizards
  5 kobolds
  7 rats
44 creatures vanquished.

Vanquished Creatures (collateral kills)
  An adder (D:3)
  A worm (D:2)
  A leopard gecko (D:2)
  A goblin (D:2)
4 creatures vanquished.

Grand Total: 48 creatures vanquished

Notes
Turn   | Place    | Note
-------+----------+-------------------------------------------
     0 | D:1      | Frank2 the Demonspawn Gladiator began the quest for the
                  | Orb.
     0 | D:1      | Reached XP level 1. HP: 16/16 MP: 1/1
   216 | D:1      | Gained mutation: A weak demonic guardian rushes to your
                  | aid. [demonic ancestry]
   216 | D:1      | Reached XP level 2. HP: 17/22 MP: 2/2
   724 | D:2      | Noticed Terence
   730 | D:2      | HP: 1/22 [worm (11)]
   771 | D:1      | Killed Terence
   771 | D:1      | Gained mutation: You have sharp toenails. [demonic
                  | ancestry]
   771 | D:1      | Reached XP level 3. HP: 13/27 MP: 3/3
   984 | D:2      | Reached skill level 1 in Armour
  1275 | D:2      | Reached XP level 4. HP: 23/33 MP: 4/4
  1630 | D:3      | Found a faded altar of an unknown god.
  1690 | D:3      | Noticed an ogre
  1725 | D:3      | Slain by an ogre

Levels and vault maps discovered:
D:1:      lemuel_arrival_river_passageway, layout_basic, minmay_pentomino_s2
D:2:      layout_rooms, uniq_terence
D:3:      layout_rooms, minitemple, lemuel_round_altar,
          kiku_gazebo_garden_becter, chequers_ecumenical_altar_simple_redux

Skill      XL: |  1  2  3 |
---------------+----------+-----
Maces & Flails | 3 |  3.8
Dodging        | 3 |  3.3
Armour         | 1 |  1.2
Fighting       | |  2.4
Throwing       | |  1.7

Action                   |  1- 3 |  4- 6 || total
-------------------------+-------+-------++-------
Melee: Flail             |    98 |    46 ||   144
       Kick              |     6 |    13 ||    19
Throw: Throwing net      |     3 |     1 ||     4
  Use: Scroll            |     6 |     4 ||    10
       Potion            |     3 |       ||     3
  Eat: Chunk             |     1 |     1 ||     2
Armor: Leather armour    |    42 |     5 ||    47
       Ring mail         |       |     9 ||     9
Dodge: Dodged            |    86 |    33 ||   119
